 Dungeon Crawl Stone Soup version 0.19-a0-328-g3707654 (webtiles) character file.

543 wvc the Cutter (level 7, 15/50 HPs)
             Began as a Demonspawn Wanderer on May 28, 2016.
             Quit the game on level 4 of the Dungeon.
             The game lasted 00:06:48 (2814 turns).

wvc the Cutter (Demonspawn Wanderer)                Turns: 2814, Time: 00:06:49

Health: 15/50      AC:  7    Str: 11    XL:     7   Next: 6%
Magic:  7/7        EV: 11    Int: 14    God:
Gold:   146        SH:  5    Dex: 15    Spells: 0 memorised, 6 levels left

rFire  + . .     SeeInvis .     p - -3 dagger (curse)
rCold  . . .     Gourm    .     q - +0 ring mail
rNeg   . . .     Faith    .     c - +0 buckler
rPois  .         Spirit   .     (helmet restricted)
rElec  +         Dismiss  .     n - +2 cloak
rCorr  .         Reflect  .     (no gloves)
SustAt .         Harm     .     (no boots)
MR     .....                    i - amulet of rage
Stlth  ..........               (no ring)
                                (no ring)

@: not resistant to hostile enchantments, extremely unstealthy
A: hooves 2, horns 1, yellow scales 1, deformed body, deterioration 1, fire
resistance 1, powered by death 1, electricity resistance
a: Evoke Berserk Rage


You were on level 4 of the Dungeon.
You were not hungry.

You visited 1 branch of the dungeon, and saw 4 of its levels.

You collected 146 gold pieces.

Inventory:

Hand Weapons
 a - a +0 short sword of holy wrath
 g - a +1 dagger of electrocution
 h - a cursed -2 dagger
 k - a +1 dagger of speed
 p - a cursed -3 dagger (weapon)
 r - a +0 dagger of venom
 s - a +0 blowgun
Missiles
 t - 37 poisoned needles
Armour
 c - a +0 buckler (worn)
 n - a +2 cloak (worn)
 q - a +0 ring mail (worn)
Jewellery
 i - an amulet of rage (around neck)
Potions
 b - a potion of lignification
 e - 2 potions of curing
 j - a potion of cancellation
Comestibles
 f - 3 bread rations
 o - a slice of pizza


   Skills:
 - Level 2.0 Fighting
 * Level 5.1 Short Blades
   Level 1.1 Polearms
 + Level 0.6 Armour
 - Level 2.9 Dodging
 + Level 3.0 Shields
   Level 2.0 Conjurations
   Level 2.6 Translocations


You had 6 spell levels left.
You didn't know any spells.

Dungeon Overview and Level Annotations

Branches:
Dungeon (4/15)
 Temple: D:4-7

Altars:
Nemelex Xobeh


Innate Abilities, Weirdness & Mutations

You are partially covered in yellow scales. (AC +2)
Your flesh is heat resistant. (rF+)
You regenerate a little health from kills.
You have hoof-like feet.
You have a pair of small horns on your head.
Armour fits poorly on your strangely shaped body.
Your body sometimes deteriorates upon taking damage.
You are resistant to electric shocks. (rElec)


Message History

Beogh smites you! The orc hits you but does no damage.
The orc barely misses you.
You hit the orc but do no damage.
The orc is almost dead.
The orc priest hits you with a dagger. The orc hits you but does no damage.
You closely miss the orc. Your kick misses the orc.
You headbutt the orc, but do no damage.
The orc is almost dead.
The orc closely misses you.
The ogre hits you with a giant spiked club.
A dart slug comes into view.
You closely miss the orc. You kick the orc.
You kill the orc!
The orc priest calls down the wrath of Beogh upon you.
Beogh smites you!
* * * LOW HITPOINT WARNING * * *
You block the orc's attack. The dart slug launches a dart at you.
The slug dart misses you.
Are you sure you want to abandon this character and quit the game? (Confirm with "yes".)

######## #....[.#
#...(..##### #..........##
..# #......###..#
########...#
#.......###.###...........
#........##.##...........#
#......#.##O#o............
#......#.##.@o.<............#
########O####..............#.
#..###........).......
##....................
#........##............ #.
#.........##............#.
#.......%......%w.##......
#..$.S.......####.. ## #
#...........## # ..# #


You could see an ogre, an orc priest, a dart slug and an orc.

Vanquished Creatures
  Sigmund (D:2)
  A giant frog (D:3)
  A hound (D:4)
  Crazy Yiuf (D:2)
  Terence (D:2)
  Natasha (thrice) (D:2)
  2 adders
  An adder skeleton (D:4)
  7 worms
  4 dart slugs
  6 giant geckos
  14 orcs
  3 giant cockroaches
  12 goblins
  4 hobgoblins
  4 jackals (D:1)
  12 kobolds
  2 quokkas
  4 ball pythons
  8 bats
  4 giant newts
  7 rats
102 creatures vanquished.

Notes
Turn   | Place    | Note
--------------------------------------------------------------
     0 | D:1      | wvc the Demonspawn Wanderer began the quest for the Orb.
     0 | D:1      | wvc set off with: a +2 spear, a potion of lignification, a +0 buckler, a +0 robe, a bread ration
     0 | D:1      | Reached XP level 1. HP: 16/16 MP: 1/1
   299 | D:1      | Reached skill level 1 in Polearms
   346 | D:1      | Gained mutation: You are partially covered in yellow scales. (AC +2) [demonic ancestry]
   346 | D:1      | Reached XP level 2. HP: 22/22 MP: 2/2
   576 | D:1      | Found a sparkling altar of Nemelex Xobeh.
   647 | D:1      | Reached skill level 1 in Short Blades
   658 | D:1      | Gained mutation: You regenerate a little health from kills. [demonic ancestry]
   658 | D:1      | Reached XP level 3. HP: 20/27 MP: 3/3
  1317 | D:2      | Noticed Natasha
  1322 | D:2      | Killed Natasha
  1322 | D:2      | Gained mutation: Your flesh is heat resistant. (rF+) [demonic ancestry]
  1322 | D:2      | Reached XP level 4. HP: 26/33 MP: 4/4
  1378 | D:2      | Noticed Natasha
  1381 | D:2      | Killed Natasha
  1381 | D:2      | Reached skill level 2 in Short Blades
  1414 | D:2      | Noticed Sigmund
  1429 | D:2      | Killed Sigmund
  1429 | D:2      | Reached skill level 3 in Short Blades
  1429 | D:2      | Reached XP level 5. HP: 23/38 MP: 5/5
  1429 | D:2      | Reached XP level 6. HP: 26/44 MP: 6/6
  1439 | D:2      | Reached skill level 4 in Short Blades
  1474 | D:2      | Noticed Terence
  1485 | D:2      | Killed Terence
  1508 | D:2      | Noticed Natasha
  1517 | D:2      | Killed Natasha
  1580 | D:2      | Gained mutation: You are resistant to electric shocks. (rElec) [potion of mutation]
  1580 | D:2      | Gained mutation: You have large cloven feet. [potion of mutation]
  1580 | D:2      | Gained mutation: Your body sometimes deteriorates upon taking damage. [potion of mutation]
  1581 | D:2      | Gained mutation: Armour fits poorly on your strangely shaped body. [potion of mutation]
  1581 | D:2      | Gained mutation: You have a pair of small horns on your head. [potion of mutation]
  1581 | D:2      | Gained mutation: You have hoof-like feet. [potion of mutation]
  1784 | D:2      | Noticed Crazy Yiuf
  1790 | D:2      | Killed Crazy Yiuf
  2111 | D:3      | Reached skill level 5 in Short Blades
  2772 | D:4      | Reached XP level 7. HP: 37/50 MP: 7/7
  2814 | D:4      | Quit the game

Vault maps used:
D:1:      wheals_arrival_linesprint, nemelex_xobeh_ov_fountains_minmay
D:2:      uniq_terence, uniq_natasha, uniq_crazy_yiuf_cottage, uniq_sigmund
D:3:      minmay_misc_feat_chi, kennysheep_cross_bottleneck
D:4:      kennysheep_the_goblin_king, marbit_many_paths, grunt_pakellas_mercury,
          first_bread

Skill      XL: |  1  2  3  4  5  6 |
---------------+-------------------+-----
Polearms       | 1 |  1.1
Short Blades   | 1 3 5 |  5.1
Dodging        | 2 |  2.9
Shields        | 2 3 |  3.0
Fighting       | |  2.0
Armour         | |  0.6
Conjurations   | |  2.0
Translocations | |  2.6

Action                   |  1- 3 |  4- 6 |  7- 9 || total
-------------------------+-------+-------+-------++-------
Melee: Spear             |    22 |       |       ||    22
       Dagger            |   106 |   252 |    17 ||   375
       Kick              |       |    38 |     3 ||    41
       Headbutt          |       |    19 |     3 ||    22
  Use: Potion            |       |     7 |       ||     7
       Scroll            |       |     3 |       ||     3
 Stab: Sleeping          |     2 |       |       ||     2
  Eat: Chunk             |     1 |     5 |     1 ||     7
Armor: Robe              |    37 |    42 |       ||    79
       Ring mail         |       |    43 |     2 ||    45
Dodge: Dodged            |    51 |   123 |     9 ||   183
Block: Buckler           |    20 |    65 |     4 ||    89
